[Event "2nd Cambridge Open 2024"]
[Site "Cambridge"]
[Date "2024.02.22"]
[Round "6.3"]
[White "Fernandez, Daniel Howard"]
[Black "Wachinger, Nikolas"]
[Result "1-0"]
[ECO "A06"]
[WhiteElo "2525"]
[BlackElo "2437"]
[Annotator "TA"]
[PlyCount "101"]
[EventDate "2024.02.18"]
[EventType "swiss"]
[EventCountry "ENG"]
[SourceTitle "playchess.com"]
[Source "ChessBase"]
[SourceQuality "1"]
[TimeControl "5400+30"]

1. b3 d5 2. Bb2 c5 3. Nf3 Nf6 4. g3 g6 5. c4 d4 6. b4 Nc6 (6... cxb4 7. a3 $14) 7. b5 Na5 8. d3 {[%emt 0:00:11] The position is equal.} Bh6 9. Bg2 O-O 10. Nbd2 a6 11. bxa6 Rxa6 12. O-O Qd6 13. Nb3 Nc6 14. Bc1 Bxc1 15. Qxc1 Kg7 16. a4 e5 17. a5 Bf5 18. Nfd2 Re8 19. Re1 h5 20. h4 e4 21. dxe4 Nxe4 22. Nxe4 Bxe4 23. Qf4 $1 Qxf4 24. gxf4 Bxg2 25. Kxg2 Rea8 26. Nxc5 (26. Red1 $5) 26... Rxa5 27. Rxa5 Nxa5 $11 {[%emt 0:00:11][%mdl 4096] Endgame. KRN-KRN} 28. Ra1 {[%emt 0:00:36] [#] Nxb7 is the strong threat.} Rc8 29. Rxa5 {[%emt 0:02:45] KRN-KR} b6 30. Ne6+ fxe6 {[%emt 0:00:14] KR-KR} 31. Ra4 Kf6 32. Rb4 Kf5 33. Kf3 Rc6 34. e4+ dxe3 35. fxe3 Rc8 36. e4+ (36. Rxb6 Rxc4 37. Rb8 Kf6) 36... Kf6 37. Ke3 (37. Rxb6 Rxc4 38. Rb1 Rc3+ 39. Kg2 Re3) 37... Rc6 38. Kd4 Rd6+ 39. Kc3 {[%emt 0:00:33] [#] White threatens e5+ and mate.} Rc6 40. Rb5 Kf7 41. e5 g5 $2 {[%emt 0:06:47][%mdl 8192] This move loses the game for Black.} 42. fxg5 $18 Kg6 43. Rb1 Kf5 (43... Kg7 $142 44. Kd4 Kg8) 44. Kd4 Rc7 45. Rf1+ Kg4 46. g6 {[%emt 0:00:06][%cal Og6g7] g7! would kill now.} Kxh4 47. Rg1 {[%emt 0:00:02] Threatening mate with g7.} Rd7+ 48. Ke3 {[%emt 0:00:09] White mates.} Rg7 49. Kf3 Rg8 50. g7 Kh3 51. Rh1# {[%emt 0:12:28] Weighted Error Value: White=0.03 (flawless) /Black=0.43.  Loses game:     	---       	Black=1      Mistake:       	---       	Black=1      Inaccurate:     	White=1     	Black=2      OK:         	White=18    	Black=13     Best:        	White=3     	Black=4      Strong:       	White=1     	---} 1-0

[Event "2nd Cambridge Open 2024"]
[Site "Cambridge"]
[Date "2024.02.22"]
[Round "6.4"]
[White "Willow, Jonah B"]
[Black "Pereslavtsev, Alexandr"]
[Result "1-0"]
[ECO "B28"]
[WhiteElo "2434"]
[BlackElo "1696"]
[Annotator "TA"]
[PlyCount "51"]
[EventDate "2024.02.18"]
[EventType "swiss"]
[EventCountry "ENG"]
[SourceTitle "playchess.com"]
[Source "ChessBase"]
[SourceQuality "1"]
[TimeControl "5400+30"]

1. e4 c5 2. Nf3 a6 3. c4 d6 4. d4 Bg4 5. d5 g6 6. Qb3 Qc7 7. Nfd2 {[%emt 0:00:42] White is more active.} Bg7 8. Nc3 {[%emt 0:06:01] White is slightly better.} Bc8 9. Be2 e6 10. O-O Ne7 11. a4 Nd7 12. f4 exd5 (12... O-O $14) 13. cxd5 $16 f5 (13... O-O $16 14. Nc4 Rb8) 14. Nc4 $18 {[%emt 0:19:12][%cal Oe4e5] [#] e5! is the strong threat.} fxe4 15. Nxe4 Nf5 (15... O-O $142 16. Nexd6 (16. Ncxd6 Qb6 $18) 16... Kh8) 16. Bg4 $2 (16. g4 $18 {and the rest is easy.}) 16... Bf8 $2 {[%emt 0:06:53][%mdl 8192] Black cannot hold the game after this.} (16... O-O $16) 17. Re1 Kd8 18. Bxf5 gxf5 19. Qc3 Rg8 20. Ng5 {[%emt 0:00:07][%cal Rg5f7] [#]} Nb8 21. Qf6+ {[%emt 0:00:29] White mates.} Be7 22. Nf7+ Ke8 23. Nfxd6+ Kd8 24. Nf7+ {[%emt 0:00:05] A dynamic duo of knights.} Ke8 25. d6 Rg6 26. Rxe7+ {[%emt 0:00:10] Weighted Error Value: White=0.16 (very precise) /Black=0.66.  Loses game:     	---       	Black=1      Missed win:     	White=1     	---        Mistake:       	---       	Black=3      OK:         	White=5     	Black=4      Best:        	White=1     	---} 1-0

[Event "2nd Cambridge Open 2024"]
[Site "Cambridge"]
[Date "2024.02.22"]
[Round "6.5"]
[White "Pert, Richard G"]
[Black "Adams, Michael"]
[Result "0-1"]
[ECO "D02"]
[WhiteElo "2411"]
[BlackElo "2674"]
[Annotator "TA"]
[PlyCount "108"]
[EventDate "2024.02.18"]
[EventType "swiss"]
[EventCountry "ENG"]
[SourceTitle "playchess.com"]
[Source "ChessBase"]
[SourceQuality "1"]
[TimeControl "5400+30"]

1. d4 Nf6 2. Nf3 d5 3. Bf4 c5 4. e3 Nc6 5. Nbd2 cxd4 6. exd4 {[%emt 0:00:31] D02: 1 d4 d5 2 Nf3 sidelines, including 2...Nf6 3 g3 and 2...Nf6 3 Bf4.} a6 7. Bd3 Nb4 8. Ne5 Nxd3+ 9. cxd3 g6 10. O-O $146 ({Predecessor:} 10. Rc1 Bg7 11. Qa4+ Nd7 12. Nxg6 b5 13. Qc2 e5 14. Nxe5 Nxe5 15. dxe5 O-O 16. O-O {1-0 Gubajdullin,A (2300)-Fiorito,J (2328) Titled Tuesday intern op 20th Dec Late blitz 2022 (7)}) 10... Bg7 11. h3 O-O 12. Re1 Nh5 13. Bh2 Bh6 14. Nb3 Ng7 15. Nc5 Nf5 16. Nf3 b6 17. Na4 Bd7 18. Nc3 e6 19. Qb3 b5 20. a4 Qb6 21. axb5 axb5 22. Qb4 Rfc8 23. Be5 Bf8 24. Qb3 b4 25. Na4 (25. g4 $15 Ra6 26. Ne2) 25... Bxa4 $17 26. Rxa4 Rxa4 27. Qxa4 Bg7 $1 28. Qd7 Rd8 (28... Rf8 $1 $17 {[%cal Of5d4] ...Nxd4! is the strong threat.} 29. Bxg7 Rd8 (29... Kxg7 30. Ne5 $17)) 29. Bc7 $11 Rxd7 30. Bxb6 Rb7 31. Bc5 Bf8 32. Ra1 Kg7 33. Ra8 (33. g4 $14 Nd6 34. Ra8) 33... Be7 $11 34. Re8 b3 (34... h5 $11) 35. g4 $14 Bxc5 36. dxc5 Ne7 37. Nd4 e5 $2 (37... Kf6 $1 $14) 38. c6 $1 $18 Ra7 {[%emt 0:00:04] [#]} 39. Nxb3 $2 ({White has to play} 39. Rxe7 $1 $18 Rxe7 40. Nb5) 39... Nxc6 $15 40. Rc8 Nb4 41. d4 ({Better is} 41. Nc5 $1 $15) 41... e4 $17 42. Nc5 Ra1+ 43. Kg2 {[%emt 0:00:11] [#]} Nd3 (43... g5 $1 $17 {Hoping for ...Nd3.} 44. Kg3 Rg1+ 45. Kh2 Rf1) 44. g5 $2 (44. f3 $1 $15) 44... Nf4+ $19 (44... Nxb2 45. Rc7 (45. Rd8 $2 Nd3 $19) 45... Ra8 46. f3 $14) 45. Kh2 Rf1 46. Kg3 Ne2+ 47. Kg2 Rg1+ 48. Kh2 Rxg5 49. h4 Rg4 50. Rd8 Nf4 51. b4 Rg2+ 52. Kh1 Rxf2 53. b5 Rb2 54. Rb8 e3 0-1

[Event "2nd Cambridge Open 2024"]
[Site "Cambridge"]
[Date "2024.02.22"]
[Round "6.6"]
[White "Vardanyan, Aras"]
[Black "Gasanov, Eldar"]
[Result "1/2-1/2"]
[ECO "A13"]
[WhiteElo "2284"]
[BlackElo "2487"]
[Annotator "TA"]
[PlyCount "63"]
[EventDate "2024.02.18"]
[EventType "swiss"]
[EventCountry "ENG"]
[SourceTitle "playchess.com"]
[Source "ChessBase"]
[SourceQuality "1"]
[TimeControl "5400+30"]

1. c4 e6 2. g3 d5 3. Bg2 Nf6 4. Nf3 d4 5. O-O c5 6. e3 Nc6 7. exd4 cxd4 8. Re1 Bd6 9. d3 h6 {[%emt 0:01:07] Wards off Bg5} 10. Na3 O-O 11. Nc2 a5 $1 12. a3 e5 13. Rb1 a4 14. Nb4 Re8 15. c5 {[%emt 0:07:52] [#] Strongly threatening Nxc6.} Bc7 ({Much worse is} 15... Bxc5 $6 16. Nxc6 bxc6 17. Nxe5 $16) 16. Nd2 Bd7 17. Ne4 Nxb4 18. axb4 Bc6 19. Ra1 Nxe4 20. Bxe4 Bxe4 21. dxe4 Qd7 22. Qd3 {[%emt 0:00:33] [#]} (22. Qc2 $11 {keeps the balance.}) 22... b6 $1 $17 23. Bd2 bxc5 24. bxc5 Reb8 ({Better is} 24... Qc6 $1 $15 25. b4 axb3 26. Rxa8 Rxa8 27. Qxb3 Qxc5) 25. b4 $11 {[%emt 0:07:51] The position is equal.} axb3 26. Rxa8 Rxa8 27. Qxb3 Qa4 28. Qb7 Ra7 29. Qc8+ Kh7 30. Qf5+ Kg8 31. Qc8+ Kh7 32. Qf5+ {[%emt 0:00:36] Weighted Error Value: White=0.06 (flawless) /Black=0.06 (flawless) .  Mistake:       	White=1     	Black=1      Inaccurate:     	White=2     	---        OK:         	White=14    	Black=11     Best:        	White=2     	Black=4      Strong:       	---       	Black=2} 1/2-1/2

[Event "2nd Cambridge Open 2024"]
[Site "Cambridge"]
[Date "2024.02.22"]
[Round "6.7"]
[White "Royal, Shreyas"]
[Black "Pozzari, Simone"]
[Result "1-0"]
[ECO "E04"]
[WhiteElo "2459"]
[BlackElo "2282"]
[Annotator "TA"]
[PlyCount "53"]
[EventDate "2024.02.18"]
[EventType "swiss"]
[EventCountry "ENG"]
[SourceTitle "playchess.com"]
[Source "ChessBase"]
[SourceQuality "1"]
[TimeControl "5400+30"]

1. d4 d5 2. c4 e6 3. Nf3 Nf6 4. g3 dxc4 5. Bg2 c5 6. O-O Nc6 7. dxc5 Qxd1 8. Rxd1 Bxc5 9. Nbd2 c3 10. bxc3 O-O 11. Nb3 Be7 12. Nfd4 Bd7 13. Nb5 Rfd8 14. Be3 Ne5 15. a4 {[%emt 0:08:41] White has an edge.} a6 16. Bxb7 {[%emt 0:15:10] White has more active pieces.} axb5 17. Bxa8 {[%emt 0:00:07] [#] axb5 is the strong threat.} Rxa8 18. Bd4 Bd6 (18... bxa4 $16 19. Bxe5 Bb5) 19. axb5 $18 Rb8 (19... Rxa1 20. Rxa1 Kf8 (20... Bxb5 $2 21. Ra5 $18) 21. Ra8+ Ke7 22. b6 $18) 20. Ba7 Rxb5 21. Rxd6 {[%emt 0:00:04][%cal Oa7d4] Strongly threatening Bd4!} Rxb3 22. Bd4 Rb5 $2 (22... Ne8) 23. Ra8+ {[%emt 0:00:11] White is clearly winning.} Be8 24. f4 Ned7 {[%emt 0:11:14] [#]} (24... Ng6 $142 25. Rdd8 (25. Bxf6 gxf6 26. Rxe8+ Kg7 $18) 25... h5 (25... Rb1+ $2 26. Kf2 $18) 26. Bxf6 (26. Rxe8+ Nxe8 27. Rxe8+ Kh7 $16) 26... Rb1+ 27. Kg2 gxf6 28. Rxe8+ Kg7) 25. Rxd7 $1 Nxd7 26. Rxe8+ Nf8 27. Rc8 {[%emt 0:00:03] Black did not feel at home in the position after the opening.   Weighted Error Value: White=0.00 (flawless) /Black=0.69.  Mistake:       	---       	Black=3      Inaccurate:     	---       	Black=1      OK:         	White=6     	Black=2      Best:        	White=5     	Black=2      Brilliant:      	White=1     	---} 1-0

[Event "2nd Cambridge Open 2024"]
[Site "Cambridge"]
[Date "2024.02.22"]
[Round "6.8"]
[White "Wells, Peter K"]
[Black "Turner, Matthew J"]
[Result "1/2-1/2"]
[ECO "D90"]
[WhiteElo "2341"]
[BlackElo "2448"]
[Annotator "TA"]
[PlyCount "69"]
[EventDate "2024.02.18"]
[EventType "swiss"]
[EventCountry "ENG"]
[SourceTitle "playchess.com"]
[Source "ChessBase"]
[SourceQuality "1"]
[TimeControl "5400+30"]

1. d4 d5 2. c4 c6 3. Nf3 Nf6 4. Nc3 g6 5. cxd5 cxd5 6. Bf4 Nc6 7. h3 Bg7 8. e3 O-O 9. Bd3 Qb6 10. a3 Bf5 11. Bxf5 gxf5 12. Qc2 {[%emt 0:01:03][%cal Og2g4] White is slightly better.} Rac8 {[%emt 0:04:16] [#]} 13. g4 $1 fxg4 (13... e6 $11 {and Black is okay.}) (13... Na5 14. Ne5) 14. hxg4 $18 Na5 15. Nd2 {[%emt 0:11:33] Repels Ne4. g5 is the strong threat.} Rfe8 16. Rc1 {[%emt 0:15:16] aiming for b4.} Kf8 (16... Ne4 $16 {keeps fighting.} 17. Ndxe4 dxe4) 17. Bh6 (17. g5 $6 Nd7 $16) 17... e5 {[%emt 0:12:01] Hoping for ...Bxh6.} 18. Qf5 $2 (18. g5 $18 Ne4 19. Bxg7+ Kxg7 20. Rh6 (20. Ndxe4 dxe4 21. Rh6 Rc6 $18)) 18... exd4 $11 {[%emt 0:04:28] White must now prevent ...Bxh6. The position is equal.} 19. Bxg7+ Kxg7 20. g5 $1 (20. Nxd5 $2 Rxc1+ 21. Ke2 Qb5+ (21... Rxh1 22. Nxb6 dxe3 23. Qg5+ Kf8 24. fxe3 $11) (21... Qa6+ $2 22. Kf3 $19) 22. Kf3 Qxd5+ $19 (22... Rxh1 $2 23. Qxf6+ Kg8 24. Qxd4 $19)) 20... Nh5 21. Rxh5 (21. Nxd5 $2 Rxc1+ 22. Ke2 Qb5+ (22... Rxh1 $2 23. Nxb6 $19) (22... Qxb2 $2 23. Rxh5 d3+ 24. Kf3 $18) 23. Kf3 Rxh1 $19) 21... Qg6 {[%emt 0:00:05] [#]} 22. Qf6+ Kg8 $132 {[%emt 0:00:25][%mdl 2048] Black has counterplay} 23. Rh6 (23. Qxg6+ hxg6 24. Rh4 dxc3 25. Rxc3 Rxc3 26. bxc3 Rd8) 23... Qd3 24. Nf3 dxc3 25. bxc3 {[%emt 0:00:14] Ne5 would now be deadly.} ({Avoid the trap} 25. Rd1 $2 Qxd1+ 26. Kxd1 c2+ 27. Ke2 c1=Q $19 (27... c1=R 28. Rxh7 Kxh7 29. Qxf7+ Kh8 30. g6 R8c2+ 31. Kd3 Rd1+ 32. Kxc2)) 25... Nb3 26. g6 {[%emt 0:00:56] Really sharp!} fxg6 (26... Nxc1 27. Qxf7+ Kh8 28. Rxh7#) 27. Rxh7 $1 Rxe3+ (27... Kxh7 $5 28. Ng5+ $8 Kh6 29. Nf7+ Kh7 30. Ng5+ Kh6 31. Nf7+ Kh7 32. Ng5+ $11) 28. fxe3 Qxe3+ ({Weaker is} 28... Nxc1 29. Rh8#) 29. Kf1 $1 Qxc1+ ({And not} 29... Nxc1 30. Rh8#) 30. Kg2 Kxh7 31. Ng5+ Kh6 32. Nf7+ Kh7 33. Ng5+ Kh6 34. Nf7+ Kh7 {[%emt 0:00:08] Threatens to win with ...Qc2+.} 35. Ng5+ {[%emt 0:04:10] Weighted Error Value: White=0.21 (precise) /Black=0.17 (very precise) .  Missed win:     	White=1     	---        Mistake:       	---       	Black=2      OK:         	White=11    	Black=12     Best:        	White=3     	Black=3      Strong:       	White=3     	---} 1/2-1/2

[Event "2nd Cambridge Open 2024"]
[Site "Cambridge"]
[Date "2024.02.22"]
[Round "6.9"]
[White "Fava, Lorenzo"]
[Black "Wadsworth, Matthew J"]
[Result "1/2-1/2"]
[ECO "C00"]
[WhiteElo "2084"]
[BlackElo "2450"]
[Annotator "TA"]
[PlyCount "139"]
[EventDate "2024.02.18"]
[EventType "swiss"]
[EventCountry "ENG"]
[SourceTitle "playchess.com"]
[Source "ChessBase"]
[SourceQuality "1"]
[TimeControl "5400+30"]

1. e4 e6 2. d3 d5 3. Nd2 Nf6 4. Ngf3 Be7 5. g3 O-O 6. Bg2 {[%emt 0:00:06] C00: French: Unusual White 2nd moves.} a5 7. O-O a4 8. a3 Nc6 9. Re1 dxe4 10. Nxe4 Nxe4 11. Rxe4 b6 $146 ({Predecessor:} 11... Bf6 12. g4 g6 13. d4 Bg7 14. Bf4 b6 15. Ne5 Nxe5 16. dxe5 Bb7 17. Rd4 Qc8 {½-½ Ilamparthi,A (2426)-Liyanage,R (2366) Bangalore op 1st 2024 (10)}) 12. c3 Bb7 13. Rxa4 Rxa4 14. Qxa4 Qxd3 15. Be3 Ra8 16. Qd1 Qxd1+ 17. Rxd1 Na5 18. Rd7 Rd8 (18... Bd6 19. Bxb6 cxb6 $18 (19... Bc6 $14)) 19. Rxd8+ (19. Rxe7 $2 Rd1+ 20. Bf1 Kf8 21. Rxc7 Bxf3 22. Rc8+ (22. Bxb6 $2 Nb3 $19) 22... Ke7 $19) 19... Bxd8 20. Nd2 Bd5 21. b4 Nc6 22. c4 Bxg2 23. Kxg2 Kf8 24. Kf1 Ke8 25. Ke2 Be7 26. f4 f5 27. Nf3 Bf6 28. Bd2 ({White should play} 28. Kd3 $16) 28... Kd7 29. Kd3 g6 (29... e5 $11 30. fxe5 Nxe5+ 31. Nxe5+ Bxe5) 30. a4 $16 Be7 {[%emt 0:00:48] [#]} (30... Kc8 $142) 31. c5 $1 $16 ({Don't take} 31. b5 $6 Nd8 $14) 31... bxc5 32. b5 Nd8 (32... Nb8 $16 {keeps fighting.} 33. Ne5+ Kc8) 33. Ne5+ Kc8 34. a5 (34. Kc4 $142) 34... Nb7 $16 35. Nc6 Bf6 {[%emt 0:00:31] [#]} 36. Be3 $1 Nd6 37. Bxc5 Nxb5 38. a6 g5 39. Kc4 Nd6+ 40. Bxd6 cxd6 41. fxg5 Bxg5 42. Nd4 d5+ 43. Kb5 e5 44. Nxf5 (44. Kc6 $5 Kb8 $8 (44... exd4 $2 {is the wrong capture.} 45. a7 $18) 45. Nf3 $16 (45. Nxf5 d4 $11)) 44... e4 (44... Kb8 $11) 45. Kc6 $16 Kb8 46. Kxd5 e3 47. Nd4 Ka7 48. h4 Bf6 49. Ne2 Kxa6 50. Ke4 Kb6 51. Kxe3 Kc6 52. Kf4 Kd6 53. Kf5 Ke7 54. Nf4 Kf7 55. Nh3 Bc3 56. Ng5+ Kg7 57. Nf3 Kf7 58. Ne5+ Kg7 59. g4 Bxe5 60. Kxe5 Kf7 61. Kf5 Kg7 62. Ke6 Kg6 63. Ke7 Kg7 64. Ke6 Kg6 $1 65. Ke7 Kg7 $1 66. h5 Kg8 67. Kf6 Kf8 68. h6 (68. Ke6 $16) 68... Kg8 $11 69. Ke7 Kh8 70. Kf8 1/2-1/2

[Event "2nd Cambridge Open 2024"]
[Site "Cambridge"]
[Date "2024.02.22"]
[Round "6.10"]
[White "Dishman, Stephen"]
[Black "Hanley, Craig A"]
[Result "1/2-1/2"]
[ECO "D02"]
[WhiteElo "2273"]
[BlackElo "2431"]
[Annotator "TA"]
[PlyCount "116"]
[EventDate "2024.02.18"]
[EventType "swiss"]
[EventCountry "ENG"]
[SourceTitle "playchess.com"]
[Source "ChessBase"]
[SourceQuality "1"]
[TimeControl "5400+30"]

1. Nf3 a6 2. d4 d5 3. Bf4 Nf6 4. e3 Bf5 5. c4 dxc4 6. Bxc4 e6 7. Nc3 Be7 8. O-O Nbd7 9. Bb3 Ne4 10. Rc1 Bd6 11. Bxd6 cxd6 12. Nxe4 Bxe4 13. Bc2 Bc6 14. e4 d5 15. e5 Rc8 16. Qd2 h6 17. h4 g6 (17... Bb5 $14) 18. Qf4 Qe7 19. Rfe1 Kd8 20. Bd3 Nb6 21. b3 (21. Re2 $142) 21... Nd7 ({Better is} 21... Kc7) 22. Re2 Kc7 23. Rec2 Kb6 24. a4 Rcg8 (24... a5 $16 {was worth a try.} 25. g3 Nb8) 25. Qd2 $18 g5 26. hxg5 $2 (26. Ra2 $18) 26... hxg5 $14 27. g3 g4 28. Nh2 Nb8 29. Qf4 $1 Qg5 30. Qxg5 $1 (30. Qxf7 $2 Qh6 31. f4 gxf3 32. Qxf3 Be8 $19 (32... Ka7 33. Rf1 $17)) 30... Rxg5 31. Be2 Rhg8 32. Ra1 Bd7 33. Rd1 Nc6 34. Kg2 Ka5 35. Rc3 Kb4 36. Re3 (36. Rcd3 $14) 36... Ne7 $11 37. Rc1 Bc6 (37... Nf5 $5 38. Rd3 $8 Bc6 $11) 38. Rec3 (38. Rd3 {simplifies} Nf5 39. Rdd1 R5g7 40. Bxa6 bxa6 41. Rxc6 Ka5 42. Nf1) 38... R8g6 (38... Nf5 $11 39. Rd3 R8g6) 39. Bd3 (39. Rd3 $14) 39... f5 $11 40. Nf1 Rh5 41. Nd2 (41. Rc5 $15 Rgh6 (41... Kxb3 42. Rb1+ Ka2 43. Rc2+ Ka3 44. Rc3+ Ka2 45. Rb4) 42. f3) 41... Rgh6 $17 42. Kf1 (42. Nf1 $17) 42... Rh2 (42... f4 $1 $19 43. Ke2 fxg3 44. fxg3 Rh3) 43. R3c2 $2 ({White should try} 43. Ke1 $1 $15) 43... R6h3 $19 44. Ke1 f4 45. Nf1 fxg3 (45... Rg2 $1 $17 {Strongly threatening ...f3.} 46. Rd1 f3 (46... Kxb3 47. Rb1+ Ka3 48. Rc3+ Ka2 49. Rb4)) 46. fxg3 {[%emt 0:00:23] [#]} (46. Nxg3 $15 Rh8 (46... Kxb3 $2 47. Rb1+ Ka3 48. Rc3+ Ka2 49. Rbb3 $18) 47. Kf1) 46... Rh1 ({Black should play} 46... Rxc2 $1 $17 47. Bxc2 Be8 (47... Kc3 48. Bf5+ Kxd4 49. Bxe6 $15)) 47. Kf2 $11 Rh8 (47... Kxb3 $2 48. Rb1+ Ka3 49. Rc3+ Ka2 (49... Kxa4 50. Bc2+ Ka5 51. Ra3+) 50. Rbb3 Bxa4 51. Rxb7 $18) 48. Kg2 R1h5 (48... Kxb3 $2 49. Nd2+ Ka3 50. Rxh1 $18) 49. Rf2 Kxb3 {[%emt 0:00:20] [#]} (49... Nf5 $11 {remains equal.} 50. Bxf5 exf5 (50... Rxf5 51. Rxf5 exf5 52. Ne3 $11)) 50. Rfc2 $1 $16 Kb4 $2 (50... Kxa4 $16 51. Rb1 Ka5 (51... Ka3 52. Rc3+ Ka2 53. Rb4)) 51. Rb2+ Ka3 52. Rb6 Ka2 53. Rc2+ Ka3 54. Rc1 (54. Rcb2 $142 Bb5 (54... Bxa4 $2 {loses.} 55. Rb1 $18) 55. Rb1 (55. Bxb5 $2 Kxb2 56. Be8+ Kc3 $19)) 54... Ka2 $1 $18 (54... Bxa4 55. Ra1#) 55. Rc2+ Ka3 56. Rc1 Ka2 $1 (56... Bxa4 57. Ra1#) 57. Rc2+ Ka3 58. Rc1 Ka2 $1 ({And not} 58... Bxa4 59. Ra1#) 1/2-1/2

[Event "2nd Cambridge Open 2024"]
[Site "Cambridge"]
[Date "2024.02.22"]
[Round "6.11"]
[White "Roberson, Peter T"]
[Black "Woltery, Nicolai"]
[Result "1-0"]
[ECO "B01"]
[WhiteElo "2424"]
[BlackElo "1979"]
[Annotator "RC"]
[PlyCount "167"]
[EventDate "2024.02.18"]
[EventType "swiss"]
[EventCountry "ENG"]
[SourceTitle "playchess.com"]
[Source "ChessBase"]
[SourceQuality "1"]
[TimeControl "5400+30"]

1. e4 d5 2. exd5 Qxd5 3. Nc3 Qd6 4. d4 Nf6 5. Nf3 g6 6. Nb5 Qd8 7. c4 a6 8. Nc3 c5 9. d5 b5 10. cxb5 Bg7 11. Be3 Bb7 12. bxa6 Nxa6 13. Bb5+ Nd7 14. Qd2 O-O 15. Rd1 Nb6 16. O-O Bxc3 17. Qxc3 Nxd5 18. Rxd5 Bxd5 19. Rd1 e6 20. Bh6 f6 21. Bxf8 Qxf8 22. a3 Nc7 23. Be2 Rb8 24. Rc1 Ne8 25. Nd2 Nd6 26. Bd3 Qh6 27. Bf1 Qf4 28. g3 Qe5 29. Qxe5 fxe5 30. Nc4 Nxc4 31. Bxc4 Bxc4 32. Rxc4 Rxb2 33. Rxc5 Ra2 34. Rxe5 Rxa3 35. Rxe6 Kf7 36. Rb6 h5 37. Kg2 Rc3 38. Kh3 Rf3 39. Kg2 Ra3 40. Rb4 Kg7 41. Re4 Rb3 42. Re3 Rb5 43. Ra3 Rf5 44. Ra7+ Kf6 45. Rb7 Ra5 46. Rb3 Kg7 47. Rc3 Rb5 48. Rc4 Rf5 49. h3 Rb5 50. Re4 Rb3 51. Re3 Rb5 52. Kf3 Rf5+ 53. Ke2 Ra5 54. Kf1 Ra1+ 55. Kg2 Ra5 56. g4 hxg4 57. hxg4 Kf6 58. f4 Rb5 59. Kg3 Ra5 60. Rb3 Rc5 61. Rb6+ Kg7 62. Rb7+ Kg8 63. Kh4 g5+ 64. fxg5 Rc6 65. Kg3 Rc3+ 66. Kf4 Rc4+ 67. Kf5 Rc5+ 68. Kg6 Rc6+ 69. Kh5 Ra6 70. Re7 Rb6 71. Kh4 Ra6 72. Kg3 Rb6 73. Kf4 Ra6 74. Kf5 Ra5+ 75. Kf6 Ra6+ 76. Re6 Ra8 77. Kg6 Rb8 78. Ra6 Rc8 79. Kh6 Rb8 80. g6 Rf8 81. Rb6 Ra8 82. g7 Re8 83. Rf6 Ra8 84. Rf8+ 1-0

[Event "2nd Cambridge Open 2024"]
[Site "Cambridge"]
[Date "2024.02.22"]
[Round "6.12"]
[White "Ghasi, Ameet K"]
[Black "Asgarova, Turan"]
[Result "1-0"]
[ECO "A05"]
[WhiteElo "2509"]
[BlackElo "1988"]
[Annotator "TA"]
[PlyCount "53"]
[EventDate "2024.02.18"]
[EventType "swiss"]
[EventCountry "ENG"]
[SourceTitle "playchess.com"]
[Source "ChessBase"]
[SourceQuality "1"]
[TimeControl "5400+30"]

1. Nf3 Nf6 2. g3 g6 3. Bg2 Bg7 4. O-O O-O 5. d3 c6 6. e4 d6 7. Nbd2 b5 8. a4 Bb7 9. d4 Qc7 {[%emt 0:06:19] White is slightly better.} 10. e5 Nd5 11. e6 {[%emt 0:05:47] Hoping for exf7+.} h6 $2 {[%emt 0:09:31] [#]} ({Better is} 11... f5 $14) 12. Nh4 $18 b4 13. exf7+ Rxf7 14. Nxg6 Bxd4 (14... Nd7 $142 15. a5 Re8) 15. Ne4 Bg7 16. Qh5 Nd7 17. Bxh6 N7f6 18. Qh4 $40 {[%emt 0:07:13][%mdl 128] [#] Ng5 would now be deadly. White has strong attack.} Bxh6 19. Qxh6 Rh7 20. Qg5 Rg7 21. h4 c5 $2 (21... Nh7 {keeps fighting.} 22. Qh6 Bc8) 22. h5 Kf7 $2 (22... Nh7) 23. Qf5 {[%emt 0:02:11] White is clearly winning.} Bc8 24. Ng5+ Ke8 25. Ne6 Bxe6 26. Qxe6 Nb6 (26... Qc8 $142 27. Bxd5 Qxe6 28. Bxe6 Nxh5) 27. a5 {[%emt 0:00:43] White took control after the opening.   Weighted Error Value: White=0.28 (precise) /Black=0.68.  Loses game:     	---       	Black=1      Mistake:       	---       	Black=4      Inaccurate:     	White=1     	---        OK:         	White=7     	Black=6      Best:        	White=1     	Black=2} 1-0